 Dungeon Crawl Stone Soup version 0.23.2-1-ga50397a (webtiles) character file.

Game seed: 12839807429076070126

51 shadizar the Skirmisher (level 3, -5/24 HPs)
             Began as a Gargoyle Fighter on Apr 28, 2019.
             Slain by a gnoll
             ... wielding a +0 flail
              (7 damage)
             ... on level 2 of the Dungeon.
             The game lasted 00:01:26 (1005 turns).

shadizar the Skirmisher (Gargoyle Fighter)          Turns: 1005, Time: 00:01:27

Health: -5/24      AC: 10    Str: 20    XL:     3   Next: 83%
Magic:  3/3        EV:  7    Int:  8    God:
Gold:   112        SH:  9    Dex:  9    Spells: 2/2 levels left

rFire    . . .     SeeInvis .   a - +0 flail
rCold    . . .     Gourm    .   k - +0 shield (curse)
rNeg     + . .     Faith    .   b - +0 scale mail
rPois    ∞         Spirit   .   (no helmet)
rElec    +         Reflect  .   (no cloak)
rCorr    .         Harm     .   (no gloves)
MR       .....                  (no boots)
Stlth    ..........             (no amulet)
HPRegen  0.08/turn              (no ring)
MPRegen  0.08/turn              (no ring)

@: no status effects
A: negative energy resistance 1, electricity resistance, unbreathing,
petrification resistance, rot immunity, AC +3
a: no special abilities


You were on level 2 of the Dungeon.
You were hungry.

You visited 1 branch of the dungeon, and saw 2 of its levels.

You collected 112 gold pieces.

Inventory:

Hand Weapons
 a - a +0 flail (weapon)
Armour
 b - a +0 scale mail (worn)
 c - a +0 shield
 k - a cursed +0 shield (worn)
Scrolls
 e - a scroll of remove curse {unknown}
 i - 4 scrolls of identify {unknown}
 j - a scroll of blinking {unknown}
 l - a scroll of enchant weapon {unknown}
Potions
 d - a potion of might
 g - a potion of heal wounds {unknown}
 h - 2 potions of invisibility {unknown}
 m - a potion of flight {unknown}
Comestibles
 f - 5 rations


   Skills:
 * Level 3.9 Fighting
 + Level 2.4 Maces & Flails
 + Level 3.7 Armour
 + Level 0.7 Dodging
 + Level 3.6 Shields


You had 2 spell levels left.
You didn't know any spells.
Your spell library was empty.

Dungeon Overview and Level Annotations

Branches:
Dungeon (2/15)

Altars:


Innate Abilities, Weirdness & Mutations

You are resistant to torment.
Your stone body is resilient. (AC +3)
You are immune to poison.
You resist negative energy. (rN+)
You are resistant to electric shocks. (rElec)
You can survive without breathing.
You are immune to petrification.
You are immune to rotting.


Message History

The gnoll is lightly wounded.
The rat bites you but does no damage. The gnoll hits you with a +0 flail!
You block the rat's attack.
You closely miss the gnoll.
The gnoll is lightly wounded.
A gnoll comes into view. It is wielding a +0 flail.
The gnoll barely misses you. The rat bites you but does no damage.
Your shield prevents you from hitting the gnoll.
The gnoll is lightly wounded.
You block the rat's attack. You block the gnoll's attack.
Your shield prevents you from hitting the gnoll.
The gnoll is lightly wounded.
The rat bites you. The gnoll hits you with a +0 flail.
The gnoll hits you but does no damage. The gnoll hits you with a +0 whip.
* * * LOW HITPOINT WARNING * * *
The rat bites you.
* * * LOW HITPOINT WARNING * * *
The gnoll barely misses you. The gnoll hits you with a +0 flail!
You die...

##............$.....#..#
##†..................#.#
..)##.........(........#
#####...^...............
####.......####......#
...........##...g....#
...........##...rgg..#
##.##......##..#g##..##
...##..........#@# ....
#####......###.#)##.#)##.
..<...#.............!...
...........##.##.##......
......................###
.# #..###.###.##...# ##
#....#.#...# ..#
#...#.### ..#
##(...#####..#


You could see 3 gnolls and a rat.

Vanquished Creatures
  An adder (D:2)
  An ooze (D:1)
  A worm (D:2)
  3 giant cockroaches
  7 goblins
  3 hobgoblins
  2 jackals (D:1)
  6 kobolds (D:1)
  5 bats
  4 rats (D:1)
33 creatures vanquished.

Notes
Turn   | Place    | Note
-------+----------+-------------------------------------------
     0 | D:1      | shadizar the Gargoyle Fighter began the quest for the Orb.
     0 | D:1      | Reached XP level 1. HP: 14/14 MP: 1/1
   134 | D:1      | Reached XP level 2. HP: 5/19 MP: 2/2
   329 | D:1      | Reached XP level 3. HP: 14/24 MP: 3/3
  1005 | D:2      | Slain by a gnoll

Action                   || total
-------------------------++-------
Melee: Flail             ||   144
Armor: Scale mail        ||    94
Dodge: Dodged            ||    60
Block: Shield            ||    94
